cohdb
Replays
Latest Replays
All Replays
Popular Replays
Top Player Replays
Match Explorer
How It Works
Community
CoH3 Stats
Reddit
Sign in to upload your games and track your stats! →
Sign in with Steam
Match 44886904
Unlisted
Match 44886904
Overview
Messages
Build Orders
End
Construct Barracks
Scout Squad
Riflemen Squad
Riflemen Squad
Selects Advanced Infantry Battlegroup
M1 Mortar Team
Mechanized Support Center
Selects Convert to Ranger Squad
Selects Artillery Observers
AI Takeover
SauerkrautAssasin
cjjay55
Puppetmaster
SparTh
Joraad
Otter
Atmaca
Başkomutan
0
0
Comments
sign in to comment!
No comments posted yet!